 Dungeon Crawl Stone Soup version 0.28.0 (webtiles) character file.

Game seed: 1687794040018909355

517 sanka the Destroyer (level 7, 0/32 (36) HPs)
             Began as a Tengu Earth Elementalist on Feb 9, 2022.
             Slain by a sky beast (6 damage)
             ... on level 4 of the Dungeon.
             The game lasted 00:06:42 (5719 turns).

sanka the Destroyer (Tengu Earth Elementalist)      Turns: 5719, Time: 00:06:42

HP:   0/32 (36)     AC:  3    Str:  9    XL:     7   Next: 20%
MP:   9/11          EV: 14    Int: 17    God:
Gold: 104           SH:  0    Dex: 14    Spells: 7/11 levels left

rFire   . . .      SeeInvis .   (no weapon)
rCold   . . .      Faith    .   (no shield)
rNeg    . . .      Spirit   .   b - +0 robe
rPois   .          Reflect  .   (helmet restricted)
rElec   .          Harm     .   (no cloak)
rCorr   .          Rampage  .   h - +0 pair of gloves
Will    .....                   (boots unavailable)
Stlth   ++........              (no amulet)
HPRegen 0.10/turn               (no ring)
MPRegen 0.12/turn               (no ring)

@: flying quickly and evasively, very slightly contaminated, heavily drained,
quick
A: beak, talons 3, nimble flight
a: no special abilities


You were on level 4 of the Dungeon.
You visited 1 branch of the dungeon, and saw 4 of its levels.

You collected 104 gold pieces.

Inventory:

Missiles
 c - 83 stones
Armour
 b - a +0 robe (worn)
 h - a +0 pair of gloves (worn)
Jewellery
 p - a ring of poison resistance
Scrolls
 d - 4 scrolls of identify {unknown}
 e - a scroll of magic mapping {unknown}
 f - 2 scrolls of teleportation {unknown}
 i - a scroll of fear {unknown}
 j - a scroll of enchant armour {unknown}
 l - a scroll of summoning {unknown}
 m - a scroll of silence {unknown}
 o - a scroll of immolation {unknown}
 q - a scroll of fog {unknown}
Potions
 a - a potion of degeneration {unknown}
 g - a potion of heal wounds {unknown}
 k - a potion of curing {unknown}
 n - a potion of mutation {unknown}


   Skills:
 - Level 2.1 Dodging
 - Level 2.0 Stealth
 + Level 2.5 Spellcasting
 + Level 8.5 Conjurations
 - Level 0.7 Transmutations
 - Level 3.0 Earth Magic


You had 7 spell levels left.
You knew the following spells:

 Your Spells              Type           Power      Damage    Failure   Level
a - Sandblast             Erth           24%        2d8       5%          1
b - Stone Arrow           Conj/Erth      42%        3d9       4%          3

Your spell library contained the following spells:

 Spells                   Type           Power      Damage    Failure   Level
 Passwall                 Tmut/Erth      6%         N/A       13%         2
 Sting                    Tmut/Pois      12%        1d3       16%         1
 Mephitic Cloud           Conj/Pois/Air  11%        N/A       17%         3
 Poisonous Vapours        Pois/Air       4%         N/A       28%         2
 Ignite Poison            Fire/Tmut/Pois 2%         N/A       45%         3
 Petrify                  Tmut/Erth      8%         N/A       63%         4
 Freezing Cloud           Conj/Ice/Air   5%         6-21      83%         5
 Olgreb's Toxic Radiance  Pois           2%         N/A       88%         4


Dungeon Overview and Level Annotations

Branches:
Dungeon (4/15)
 Temple: D:4-7

Altars:
Ashenzari
Gozag
Hepliaklqana
Nemelex Xobeh
Sif Muna


Innate Abilities, Weirdness & Mutations

You have a beak for a mouth.
You have claws for feet.
Your magical nature lets you fly swiftly and evasively.


Message History

You fly upwards.
There is a stone staircase leading down here.
Unknown command.
You start resting.
Magic restored.
You start resting.
HP restored.
There is an open door here.
Items here: ))) [[.
There is an open door here.
Things that are here:
a +0 leather armour; a +0 dagger
There is a stone staircase leading down here.
You fly downwards.
There is a stone staircase leading up here.
Unknown command.
You see here 17 bolts.
You reach down and open the door.
There is an open door here.
The sky beast flickers out of sight!
Deactivating autopickup; reactivate with Ctrl-A.
Something hits you. Something shocks you.
Casting: Sandblast (safe; 5% risk of failure)
Confirm with . or Enter, or press ? or * to list all spells.
Aiming: Sandblast (safe; 5% risk of failure)
Press: ? - help, Shift-Dir - straight line You miscast Sandblast.
You are very lightly contaminated with residual magic.
Nothing appears to happen.
Something hits you. Something shocks you.
Casting: Sandblast (safe; 5% risk of failure)
Confirm with . or Enter, or press ? or * to list all spells.
Aiming: Sandblast (safe; 5% risk of failure)
Press: ? - help, Shift-Dir - straight line
c - 83 stones Something hits you.
Something shocks you.
Unknown command.
Something hits you.
* * * LOW HITPOINT WARNING * * *
Something shocks you.
You die...

#.....##.........#
#........#
################.#
##.......# ### #.......#
#.......# #### #.......#
#..#######.......#
#................#
########..#######.#######
#.......@.# #............
#.......{.# #.###.#######
##.........###.###......##
....##...........#..###.#.
.... #.....##.##.#..###.#.
.....##.....##.........#...
.....................######
.......#..[..#######........
.......#.....## #..#####.


There were no monsters in sight!

Vanquished Creatures
  A black bear (D:4)
  An ogre (D:2)
  A scorpion (D:4)
  An orc priest (D:4)
  2 iguanas (D:4)
  An orc wizard (D:3)
  A howler monkey zombie (D:4)
  7 adders
  An ufetubus (D:4)
  2 adder skeletons (D:4)
  A worm (D:3)
  3 dart slugs
  7 orcs
  6 bats
  7 endoplasms
  3 giant cockroaches
  8 goblins
  3 hobgoblins
  3 quokkas
  7 ball pythons
  A frilled lizard (D:3)
  2 kobolds
  3 rats (D:3)
  A spectral orc (D:3)
73 creatures vanquished.

Notes
Turn   | Place    | Note
-------+----------+-------------------------------------------
     0 | D:1      | sanka the Tengu Earth Elementalist began the quest for the
                  | Orb.
     0 | D:1      | Reached XP level 1. HP: 10/10 MP: 4/4
   152 | D:1      | Reached skill level 1 in Conjurations
   335 | D:1      | Reached skill level 2 in Conjurations
   335 | D:1      | Reached XP level 2. HP: 15/15 MP: 1/6
   624 | D:1      | Reached skill level 3 in Conjurations
  1181 | D:1      | Reached XP level 3. HP: 19/19 MP: 7/7
  1185 | D:1      | Learned a level 3 spell: Stone Arrow
  1551 | D:2      | Reached skill level 4 in Conjurations
  2119 | D:2      | Reached XP level 4. HP: 24/24 MP: 4/8
  2351 | D:2      | Noticed an ogre
  2386 | D:2      | Killed an ogre
  2387 | D:2      | Reached skill level 6 in Conjurations
  2387 | D:2      | Gained mutation: Your magical nature lets you fly swiftly
                  | and evasively. [Tengu growth]
  2387 | D:2      | Reached XP level 5. HP: 16/28 MP: 0/9
  2773 | D:3      | Found a sparkling altar of Nemelex Xobeh.
  3073 | D:3      | Found a shimmering blue altar of Sif Muna.
  3088 | D:3      | Found a hazy altar of Hepliaklqana.
  3719 | D:4      | Noticed a black bear
  3725 | D:4      | Killed a black bear
  3726 | D:4      | Reached skill level 7 in Conjurations
  3726 | D:4      | Reached XP level 6. HP: 14/32 MP: 1/10
  3917 | D:4      | Found a broken altar of Ashenzari.
  4178 | D:4      | Found an opulent altar of Gozag.
  4392 | D:4      | Reached skill level 8 in Conjurations
  4609 | D:4      | Reached XP level 7. HP: 36/36 MP: 6/11
  5719 | D:4      | Slain by a sky beast

Illustrated notes

Levels and vault maps discovered:
D:1:      dpeg_arrival_round_a, layout_loops_ring
D:2:      layout_loops_corners
D:3:      layout_basic, marbit_many_paths,
          nicolae_hepliaklqana_monster_ancestors, overflow_temple_1_default,
          st_stairs_1
D:4:      layout_basic, lemuel_mausoleum_altar_kikubaaqudgha,
          mainiacjoe_overflow_catwalk, ashenzari_conservatory_becter,
          minmay_close_crescents

Skill      XL: |  1  2  3  4  5  6 |
---------------+-------------------+-----
Conjurations   | 2 3 4 6 7 8 |  8.5
Earth Magic    | 3 |  3.0
Dodging        | |  2.1
Stealth        | |  2.0
Spellcasting   | |  2.5
Transmutations | |  0.7

Action                   |  1- 3 |  4- 6 |  7- 9 || total
-------------------------+-------+-------+-------++-------
Melee: Unarmed           |    66 |    86 |     2 ||   154
       Kick              |    17 |    20 |     1 ||    38
       Peck              |    12 |    10 |       ||    22
       Punch             |     2 |     1 |       ||     3
 Cast: Sandblast         |    27 |    47 |     5 ||    79
       Stone Arrow       |       |     7 |    18 ||    25
 Stab: Sleeping          |     2 |     5 |       ||     7
Armor: Robe              |    29 |    20 |     1 ||    50
Dodge: Dodged            |    65 |    62 |     5 ||   132
